 Dungeon Crawl Stone Soup version 0.21-a0-297-ga3d34c2 (webtiles) character file.

595246 4thArraOfDagon the Champion of Chaos (level 27, -10/460 HPs)
             Began as a Hill Orc Air Elementalist on Sept 27, 2017.
             Was the Champion of Makhleb.
             Mangled by a caustic shrike (18 damage)
             ... on level 5 of the Depths on Sept 28, 2017.
             The game lasted 04:11:05 (41463 turns).

4thArraOfDagon the Champion of Chaos (HOAE)        Turns: 41463, Time: 04:11:06

Health: -10/460    AC: 12    Str: 20    XL:     27
Magic:  41/49      EV: 21    Int: 32    God:    Makhleb [******]
Gold:   3972       SH: 12    Dex: 14    Spells: 20/50 levels left

rFire    + . .     SeeInvis +   C - +6 broad axe (vamp)
rCold    + . .     Gourm    .   V - +3 buckler {rN+}
rNeg     + + .     Faith    .   (armour currently unavailable)
rPois    ∞         Spirit   .   S - +3 hat of Pondering {ponderous, MR+ MP+10 Int+5}
rElec    +         Reflect  +   e - scarf {repulsion}
rCorr    +         Harm     .   (gloves currently unavailable)
MR       +++++     Clarity  +   (boots currently unavailable)
Stlth    ..........             T - amulet "Wocif" {Reflect rC+ Dex+3 SH+4 Stlth+}
HPRegen  0.86/turn              K - ring "Beman" {rElec rPois MR+ Int+3 Stlth+}
MPRegen  0.31/turn              X - ring of resist corrosion

@: berserking (expiring), statue-form, corroded, very slightly contaminated,
repel missiles, slow
A: see invisible, clarity, fire resistance 1, magic resistance 2, sturdy frame 2
}: 4/15 runes: barnacled, slimy, silver, gossamer
a: End Transformation, Minor Destruction, Lesser Servant of Makhleb, Major
Destruction, Greater Servant of Makhleb, Renounce Religion


You were on level 5 of the Depths.
You worshipped Makhleb.
Makhleb was exalted by your worship.
You were not hungry.
You were a stone statue.
You visited 9 branches of the dungeon, and saw 49 of its levels.
You also visited: Labyrinth, Ossuary, Ice Cave and Wizlab.

You collected 6984 gold pieces.
You spent 3012 gold pieces at shops.

Inventory:

Hand Weapons
 j - a +7 demon trident of electrocution
 z - the +7 glaive of Cowardice {vamp, rC+ SInv}
   (You took it off a deep elf high priest on level 3 of the Depths)

   It inflicts no extra harm, but heals its wielder when it wounds a living foe.
   It protects you from cold.
   It lets you see invisible.
 C - a +6 vampiric broad axe (weapon)
Missiles
 W - 11 throwing nets (quivered)
Armour
 e - a scarf of repulsion (worn)
 w - the +1 pair of gloves of the Undertaker (melded) {Regen+ Slay+5 Stlth-}
   (You found it on level 3 of the Elven Halls)

   It affects your accuracy and damage with ranged weapons and melee attacks
   (+5).
   It increases your rate of regeneration.
   It makes you less stealthy.
 B - a +2 pair of boots of stealth (melded)
 J - the +2 scale mail "Narremew" (melded) {MR+ Int+4}
   (You took it off a deep elf high priest on level 3 of the Depths)

   It affects your intelligence (+4).
   It affects your resistance to hostile enchantments.
 S - the +3 hat of Pondering (worn) {ponderous, MR+ MP+10 Int+5}
   (You found it on level 5 of the Pits of Slime)

   It affects your intelligence (+5).
   It affects your resistance to hostile enchantments.
   It affects your magic capacity (+10).
 V - a +3 buckler of positive energy (worn)
 Z - a +3 buckler of cold resistance
Magical Staves
 I - an uncursed staff of air
Jewellery
 k - the amulet of the Four Winds {rN+ MR+++ Clar}
   (You took it off a hell knight on level 4 of the Depths)

   [amulet of nothing]

   It protects you from negative energy.
   It affects your resistance to hostile enchantments.
   It protects you against confusion.
 r - the ring of Ethics {rPois rF+}
   (You found it on level 5 of the Pits of Slime)

   [ring of protection from fire]

   It protects you from fire.
   It protects you from poison.
 t - the ring of the Moon {rC+ Dex+4}
   (You found it on level 5 of the Depths)

   [ring of protection from cold]

   It affects your dexterity (+4).
   It protects you from cold.
 K - the ring "Beman" (left hand) {rElec rPois MR+ Int+3 Stlth+}
   (You took it off a vault sentinel on level 5 of the Vaults)

   [ring of stealth]

   It affects your intelligence (+3).
   It insulates you from electricity.
   It protects you from poison.
   It affects your resistance to hostile enchantments.
   It makes you more stealthy.
 T - the amulet "Wocif" (around neck) {Reflect rC+ Dex+3 SH+4 Stlth+}
   (You took it off a deep elf annihilator on level 3 of the Elven Halls)

   [amulet of reflection]

   It shields you and reflects attacks.
   It affects your dexterity (+3).
   It protects you from cold.
   It affects your SH (+4).
   It makes you more stealthy.
 X - a ring of resist corrosion (right hand)
Wands
 b - a wand of digging (2/24)
 p - a wand of clouds (4/9)
 E - a wand of iceblast (6/15)
 Y - a wand of clouds (6/9)
Scrolls
 a - a scroll of fog
 g - 24 scrolls of remove curse
 h - 16 scrolls of teleportation
 v - 2 scrolls of blinking
 x - a scroll of silence
 H - 5 scrolls of fear
 P - 6 scrolls of magic mapping
 Q - 7 scrolls of recharging
 U - a scroll of summoning
Potions
 i - 3 potions of resistance
 o - 5 potions of cancellation
 q - 3 potions of haste
 s - 10 potions of agility
 A - 6 potions of flight
 D - 9 potions of mutation
 F - 13 potions of ambrosia
 G - 7 potions of heal wounds
 L - 6 potions of might
 M - 3 potions of magic
 N - 15 potions of curing
 R - 9 potions of brilliance
Miscellaneous
 d - 4 sacks of spiders
 f - 2 phantom mirrors
 m - a lamp of fire
 n - 3 boxes of beasts
 u - a lightning rod (4/4)
 y - a fan of gales
Comestibles
 c - 25 bread rations
 O - 9 meat rations


   Skills:
 - Level 17.3 Fighting
   Level 0.0(1.1) Short Blades
   Level 2.2 Long Blades
 - Level 15.3(21.4) Axes
   Level 6.9(11.1) Maces & Flails
 - Level 20.4(21.6) Polearms
 - Level 2.0(12.6) Staves
   Level 0.0(0.5) Slings
   Level 0.0 Bows
   Level 0.0 Crossbows
 - Level 1.1 Throwing
 - Level 8.7 Armour
 - Level 13.6 Dodging
 - Level 2.1 Stealth
   Level 0.0 Stabbing
 - Level 4.3 Shields
   Level 0.0 Traps
 - Level 1.4 Unarmed Combat
 - Level 12.2 Spellcasting
   Level 2.3 Conjurations
   Level 0.0 Hexes
 - Level 1.5 Charms
   Level 0.0 Summonings
 - Level 1.3 Necromancy
 - Level 1.0 Translocations
 - Level 8.9 Transmutations
   Level 0.0 Fire Magic
   Level 0.0 Ice Magic
 - Level 11.3 Air Magic
 - Level 11.5 Earth Magic
   Level 0.0 Poison Magic
 * Level 24.0 Invocations
 - Level 1.5 Evocations


You had 20 spell levels left.
You knew the following spells:

 Your Spells              Type           Power        Failure   Level  Hunger
a - Statue Form           Tmut/Erth      ######...    5%          6    ####...
b - Sublimation of Blood  Necr           ####......   2%          2    None
c - Airstrike             Air            #######...   1%          4    None
d - Swiftness             Chrm/Air       ######..     1%          2    None
e - Lee's Rapid Deconstr  Erth           #######...   1%          5    #......
f - Blink                 Tloc           N/A          2%          2    None
g - Lesser Beckoning      Tloc           ####......   4%          3    None
h - Passwall              Tmut/Erth      ######....   1%          2    None
i - Passage of Golubria   Tloc           N/A          16%         4    None


Dungeon Overview and Level Annotations

Branches:
Dungeon (15/15)            Temple (0/1) D:6            Lair (6/6) D:9
 Shoals (4/4) Lair:3       Spider (4/4) Lair:4        Slime (5/5) Lair:6
    Orc (2/2) D:9             Elf (3/3) Orc:2        Vaults (5/5) D:13
  Crypt (0/3) Vaults:3     Depths (5/5) D:15
    Zot: Depths:5

Altars:
Cheibriados
Dithmenos
Elyvilon
Gozag
Hepliaklqana
Makhleb
Nemelex Xobeh
Qazlal
Ru
Sif Muna
The Shining One
Jiyva

Shops:
D:10 (   D:12 }   Orc:2 (*![:   Elf:1 *   Vaults:2 =   Vaults:5 [   Depths:3 *

Portals:
Hell: Depths:2 Depths:3
Abyss: Depths:4


Innate Abilities, Weirdness & Mutations

You have supernaturally acute eyesight. (SInv)
You possess an exceptional clarity of mind.
Your flesh is heat resistant. (rF+)
You are highly resistant to hostile enchantments. (MR++)
Your movements are less encumbered by armour. (ER -4)


Message History

The caustic shrike claws you!!
* * * LOW HITPOINT WARNING * * *
You are splashed with acid!
The acid burns!
You resist.
* * * LOW HITPOINT WARNING * * *
The caustic shrike claws you but does no damage.
The caustic shrike claws you!!
* * * LOW HITPOINT WARNING * * *
You are splashed with acid!
The acid burns!
You resist.
* * * LOW HITPOINT WARNING * * *
The caustic shrike completely misses you.
You block the caustic shrike's attack.
Unknown command.
Unknown command.
You slash the caustic shrike!
You feel better.
The caustic shrike is almost dead.
You barely miss the caustic shrike. You closely miss the caustic shrike.
You miss the caustic shrike. The caustic shrike closely misses you.
The caustic shrike completely misses you.
The caustic shrike closely misses you. The caustic shrike claws you!!
You die...

### .)## #..## # ...##
....# .# ####....#
..#.#+#. #.......#
....... ##..bb.###
....#.# # #...8bD..#
......# #.###...#b...#
##††.####.......#...##
.......#####...##.....
.......####..=.#
.....#
...#)...#.....##
##.....
...##.........# .....
.####.......### ##...
.# ###...###


You could see 4 caustic shrikes and a fire dragon.

Vanquished Creatures
  3 ancient liches
  Frederick (Vaults:2)
  Boris (Vaults:2)
  Nikola (Shoals:1)
  A golden dragon (Vaults:5)
  Arachne (Spider:3)
  Jorgrun (Depths:1)
  4 tentacled monstrosities (Vaults:5)
  4 titans
  Asterion (Vaults:1)
  3 liches (Depths:3)
  17 acid blobs
  A quicksilver dragon (Vaults:5)
  A deep elf blademaster (Elf:3)
  2 deep elf master archers (Elf:3)
  Polyphemus (Shoals:3)
  A kraken (Shoals:1)
  A sphinx (Depths:2)
  7 shadow dragons
  The ghost of aspa the Sorcerer, an adept OpWz of Sif Muna (Shoals:1)
  4 storm dragons
  Kirke (Shoals:3)
  Ilsuiw (Shoals:4)
  5 tengu reavers
  10 fire giants
  5 azure jellies
  4 deep elf sorcerers
  4 iron dragons
  12 frost giants
  20 vault wardens
  An orc warlord (Orc:1)
  Aizul (Spider:2)
  5 emperor scorpions (Spider:4)
  4 deep elf elementalists (Elf:3)
  4 ghost moths (Spider:4)
  A curse skull (Vaults:3)
  A war gargoyle (Vaults:5)
  10 ironheart preservers
  3 entropy weavers
  3 spriggan defenders
  12 stone giants
  13 very ugly things
  7 deep elf demonologists
  3 juggernaut skeletons
  A caustic shrike skeleton (Depths:3)
  4 vampire knights
  Azrael (Spider:2)
  2 spark wasps
  7 deep elf annihilators
  A minotaur (Lab)
  An eidolon (Depths:4)
  3 merfolk javelineers (Shoals:4)
  An ettin (shapeshifter) (Vaults:4)
  7 deep elf death magi
  A blizzard demon (IceCv)
  3 death oozes
  13 ettins
  3 fire dragons
  13 merfolk impalers
  18 yaktaur captains
  5 deep elf high priests
  13 great orbs of eyes
  Erolcha (D:9)
  Harold (Orc:1)
  3 spriggan air magi
  4 rakshasas
  10 hydras
  9 ice dragons
  2 death knights
  33 vault guards
  5 merfolk avatars
  3 satyrs
  11 centaur warriors
  3 alligator snapping turtles
  26 two-headed ogres
  2 catoblepae
  7 ogre magi
  25 dancing weapons
  3 tengu warriors
  6 death yaks
  An alligator (shapeshifter) (Depths:1)
  6 deep troll shamans
  4 merfolk aquamancers (Shoals:4)
  2 vampire magi
  7 orc high priests
  3 deep troll earth magi
  4 spriggan berserkers
  17 deep elf knights
  6 hell knights
  A soul eater (Depths:3)
  A golden dragon zombie (Depths:3)
  22 skeletal warriors
  5 shadow wraiths
  4 iron trolls (Depths:2)
  25 deep trolls
  3 unseen horrors
  A death drake (Depths:4)
  2 glowing orange brains
  A spectral anaconda (Depths:4)
  2 unseen horrors (shapeshifter)
  6 flayed ghosts
  15 deep elf archers
  Pikel (D:9)
  A tengu zombie (Depths:3)
  2 wizards
  7 sea snakes
  2 orange crystal statues (Depths:4)
  The ghost of p0werm0de the Magician, a novice VSWz of Uskayaw (Lair:1)
  5 necromancers
  2 lindwurms (Lair:6)
  16 ironbrand convokers
  2 mana vipers (Depths:4)
  29 harpies
  13 orb spiders
  2 mana vipers (shapeshifter)
  An orc sorcerer (Vaults:4)
  3 iron dragon zombies (Depths:3)
  5 phantasmal warriors
  16 orc knights
  52 deep elf magi
  6 oklob plants
  A shadow dragon skeleton (Depths:3)
  A wolf spider (shapeshifter) (Vaults:3)
  12 fauns
  24 ugly things
  11 manticores
  25 wolf spiders
  8 cyclopes
  4 shining eyes
  2 fire giant skeletons (Depths:3)
  12 vault sentinels
  A moth of wrath (Spider:3)
  5 merfolk sirens
  2 water nymphs
  A guardian serpent (shapeshifter) (Vaults:4)
  2 eyes of devastation
  2 elephants (Lair:6)
  2 molten gargoyles (Lair:4)
  3 black mambas
  Psyche (D:9)
  8 spiny frogs
  3 torpor snails
  2 ice statues (IceCv)
  3 gargoyles
  12 demonic crawlers
  5 spectral swamp worms (Depths:2)
  6 freezing wraiths
  4 rime drakes
  An entropy weaver simulacrum (Vaults:2)
  3 komodo dragons
  2 kobold demonologists (D:12)
  72 yaktaurs
  An anaconda simulacrum (Depths:4)
  A meliai (shapeshifter) (Vaults:5)
  3 meliai (Spider:4)
  2 spectral merfolk (Depths:4)
  12 trolls
  3 wind drakes
  15 hornets
  14 ice devils (IceCv)
  A polar bear (Lair:4)
  35 jumping spiders
  34 merfolk
  2 raiju (Depths:4)
  108 slime creatures
  A polar bear (shapeshifter) (Depths:2)
  A wind drake (shapeshifter) (D:13)
  8 blink frogs
  12 snapping turtles
  2 blink frogs (shapeshifter)
  10 hippogriffs
  A fire dragon zombie (Depths:1)
  4 dream sheep
  A hippogriff (shapeshifter) (Depths:3)
  A stone giant simulacrum (Depths:1)
  8 air elementals
  A flying skull (Vaults:3)
  83 redbacks
  A yak (shapeshifter) (Vaults:1)
  5 shadows
  An elf skeleton (Depths:3)
  2 spriggan skeletons (Depths:1)
  21 tarantellas
  A spriggan simulacrum (Depths:3)
  18 water elementals
  46 yaks
  A human (D:10)
  5 vampires
  2 wyverns
  Eustachio (D:4)
  5 fire elementals
  4 wraiths
  4 spriggans
  13 hungry ghosts
  2 golden eyes (shapeshifter)
  14 golden eyes
  2 hogs (Shoals:3)
  6 vampire mosquitoes
  2 human simulacra
  5 basilisks
  A warg (shapeshifter) (Vaults:5)
  13 wargs
  2 acid dragons
  9 soldier ants
  6 two-headed ogre zombies (WizLab)
  13 water moccasins
  Edmund (D:5)
  6 hell hounds
  A floating eye (shapeshifter) (Depths:2)
  A floating eye (Depths:4)
  50 orc warriors
  3 spectral spriggans (Depths:4)
  3 slaves (D:9)
  4 spectral trolls (Depths:4)
  5 porcupines
  An ettin simulacrum (Vaults:3)
  3 phantoms
  An eye of draining (Slime:3)
  5 ice beasts
  A sky beast (D:6)
  2 snapping turtle zombies (Depths:4)
  22 ogres
  12 centaurs
  4 boggarts (Vaults:1)
  5 wolves
  4 necrophages
  9 crocodiles
  A crocodile (shapeshifter) (Depths:1)
  5 big kobolds
  22 bullfrogs
  A merfolk simulacrum (Depths:4)
  An earth elemental (Elf:3)
  A wyvern zombie (D:13)
  A wyvern skeleton (D:14)
  3 scorpions
  A hornet simulacrum (Vaults:1)
  2 spectral ogres (Depths:4)
  3 killer bees (D:8)
  7 troll zombies (WizLab)
  6 spectral nagas (Depths:4)
  4 electric eels
  18 wights
  6 howler monkeys
  4 crimson imps
  A spectral centaur (Depths:4)
  A bullfrog zombie (D:3)
  3 centaur zombies
  4 hounds
  5 lava snakes (Lair:4)
  16 orc priests
  4 jellies
  5 centaur skeletons
  Ijyb (D:3)
  4 iguanas
  23 worker ants
  29 orc wizards
  4 hell rats (Lair:1)
  4 ogre zombies (WizLab)
  2 hound skeletons
  9 mummies
  A worker ant zombie (D:5)
  11 adders
  4 shadow imps
  7 white imps
  8 ufetubi
  4 oozes
  An adder skeleton (D:7)
  A worm (D:2)
  12 dart slugs
  5 leopard geckos
  69 orcs
  3 giant cockroaches
  3 gnoll zombies (Ossuary)
  7 goblins
  6 hobgoblins
  10 jackals
  5 quokkas
  2 ball pythons
  6 bats
  5 frilled lizards
  A jackal skeleton (D:5)
  7 kobolds
  3 kobold zombies (Ossuary)
  A leopard gecko skeleton (D:4)
  A leopard gecko zombie (D:6)
  2 orc zombies (Ossuary)
  A quokka skeleton (D:6)
  5 rats (D:1)
  11 plants
  3 tentacles (Shoals:1)
2100 creatures vanquished.

Vanquished Creatures (collateral kills)
  the Royal Jelly (Slime:5)
  A deep elf blademaster (Elf:3)
  2 acid blobs (Slime:5)
  2 deep elf sorcerers (Elf:3)
  An entropy weaver (Lair:5)
  2 deep elf annihilators (Elf:3)
  A merfolk javelineer (Shoals:2)
  A death ooze (Slime:5)
  A great orb of eyes (Vaults:2)
  A deep elf high priest (Elf:3)
  A vault guard (Vaults:5)
  Fannar (Lair:3)
  2 merfolk avatars
  A queen ant (Lair:5)
  A vampire mage (Vaults:3)
  3 death yaks
  A skeletal warrior (D:15)
  A sea snake (Shoals:2)
  A harpy (Shoals:1)
  2 deep elf magi (Elf:3)
  An orc knight (Orc:1)
  2 orb spiders (Spider:4)
  3 wolf spiders
  3 shining eyes
  2 oklob plants
  A manticore (Shoals:2)
  2 merfolk sirens
  3 spiny frogs
  A water nymph (Shoals:2)
  A komodo dragon (Lair:3)
  A jumping spider (Spider:3)
  2 merfolk
  A wind drake (Shoals:2)
  3 dream sheep
  2 blink frogs (Lair:1)
  A slime creature (Vaults:2)
  A hippogriff (Lair:5)
  2 tarantellas (Spider:4)
  A yak (Lair:6)
  2 redbacks (Spider:4)
  A basilisk (Lair:3)
  9 soldier ants (Lair:5)
  An orc warrior (Orc:1)
  A centaur (Shoals:3)
  2 crocodiles
  A bullfrog (Lair:3)
  2 hell rats (Lair:1)
  3 worker ants (Lair:5)
  A bat (D:9)
  2 butterflies (Lair:1)
  A plant (Lair:3)
86 creatures vanquished.

Vanquished Creatures (others)
  An ancient lich (Vaults:5)
  A fire giant (Depths:3)
  A vampire knight (Depths:2)
  A merfolk javelineer (Shoals:4)
  A rakshasa (Depths:3)
  A centaur warrior (D:15)
  A shadow wraith (Vaults:1)
  An unseen horror (Vaults:1)
  An ugly thing (Depths:3)
  A deep elf mage (Elf:3)
  A cyclops (D:15)
  A merfolk siren (Shoals:1)
  5 yaktaurs
  A snapping turtle (Shoals:1)
  A redback (Spider:4)
  A human (Shoals:3)
  A slave (D:9)
  3 centaurs
  An orc priest (Vaults:4)
  A white imp (IceCv)
  3 ufetubi (IceCv)
  An orc (Vaults:3)
  6 bushes
  22 fungi
  35 plants
  11 tentacles (Shoals:1)
104 creatures vanquished.

Grand Total: 2290 creatures vanquished

Notes
Turn   | Place    | Note
-------+----------+-------------------------------------------
     0 | D:1      | 4thArraOfDagon the Hill Orc Air Elementalist began the quest for the Orb.
     0 | D:1      | Reached XP level 1. HP: 14/14 MP: 3/3
   136 | D:1      | Reached XP level 2. HP: 13/20 MP: 0/4
   193 | D:1      | Sergey: hi
   200 | D:1      | 4thArraOfDagon: hi
   211 | D:1      | Sergey: can you help me?
   219 | D:1      | 4thArraOfDagon: yea, sure
   219 | D:1      | 4thArraOfDagon: in your game?
   219 | D:1      | Sergey: yes
   219 | D:1      | 4thArraOfDagon: ok, lets go
   304 | D:1      | Sergey: !hs * HOAE
   306 | D:1      | beem: 1349. Dowan the Axe Maniac (L27 HOAE of The Shining One), escaped with the Orb and 15 runes on 2016-05-20 19:03:49, with 15504346 points after 101247 turns and 5:10:23.
   706 | D:2      | Found a hazy altar of Hepliaklqana.
   728 | D:1      | Reached XP level 3. HP: 20/26 MP: 2/5
  1013 | D:2      | Learned a level 3 spell: Static Discharge
  1036 | D:2      | Reached XP level 4. HP: 33/33 MP: 6/6
  1448 | D:4      | Noticed a big kobold
  1689 | D:3      | Reached XP level 5. HP: 32/38 MP: 1/8
  1788 | D:3      | Learned a level 4 spell: Airstrike
  1810 | D:4      | Found an opulent altar of Gozag.
  1871 | D:4      | Found a glowing golden altar of the Shining One.
  1956 | D:4      | Noticed a necrophage
  1966 | D:4      | Killed a necrophage
  1966 | D:4      | Reached XP level 6. HP: 36/45 MP: 9/9
  2129 | D:4      | Got a steaming trident {flame}
  2133 | D:4      | Identified the +9 trident "Arcanum" {flame, *Drain rPois rC+ MR++} (You took it off a big kobold on level 4 of the Dungeon)
  2161 | D:4      | Learned a level 2 spell: Swiftness
  2195 | D:4      | Reached skill level 5 in Air Magic
  2224 | D:4      | Noticed a phantom
  2240 | D:4      | Killed a phantom
  2240 | D:4      | Reached skill level 1 in Polearms
  2240 | D:4      | Reached XP level 7. HP: 40/50 MP: 9/11
  2281 | D:5      | Entered Level 5 of the Dungeon
  2285 | D:5      | Reached skill level 1 in Armour
  2319 | D:5      | Found a burning altar of Makhleb.
  2343 | D:5      | Reached skill level 1 in Shields
  2356 | D:5      | Noticed Edmund
  2365 | D:5      | Became a worshipper of Makhleb the Destroyer
  2483 | D:4      | Noticed Eustachio
  2493 | D:4      | Killed Eustachio
  2745 | D:3      | Noticed Ijyb
  2751 | D:3      | Killed Ijyb
  2990 | D:5      | Reached XP level 8. HP: 50/57 MP: 7/12
  3030 | D:5      | Killed Edmund
  3052 | D:5      | Reached * piety under Makhleb
  3095 | D:5      | Found a white marble altar of Elyvilon.
  3202 | D:5      | Found a snail-covered altar of Cheibriados.
  3515 | D:6      | Found a staircase to the Ecumenical Temple.
  3610 | D:6      | Reached skill level 5 in Polearms
  3610 | D:6      | Reached XP level 9. HP: 44/62 MP: 6/14
  3832 | D:6      | Found a stormy altar of Qazlal.
  4093 | D:7      | Reached ** piety under Makhleb
  4155 | D:7      | Found a shadowy altar of Dithmenos.
  4394 | D:8      | Found a sand-covered staircase.
  4398 | Ossuary  | Entered an ossuary
  4426 | Ossuary  | Reached skill level 1 in Invocations
  4439 | Ossuary  | Thaneod: OP trident
  4528 | Ossuary  | Thaneod: ziggurat run orc?
  4528 | Ossuary  | 4thArraOfDagon: haha no :)
  4540 | Ossuary  | 4thArraOfDagon: byc moze
  4540 | Ossuary  | 4thArraOfDagon: nado+melee
  4620 | D:8      | Thaneod: masz juz rpois + mr++
  4637 | D:8      | Reached skill level 2 in Invocations
  4706 | D:8      | 4thArraOfDagon: myslisz ze wystarczy na zig? :)
  4717 | D:8      | Thaneod: a kiedy depeche mode party?
  4725 | D:8      | Reached *** piety under Makhleb
  4727 | D:8      | Thaneod: no na zig nie
  4746 | D:8      | Thaneod: ale na lair i elfy w sam raz
  4746 | D:8      | 4thArraOfDagon: wlasnie niewiem, musze popatrzec
  4746 | D:8      | 4thArraOfDagon: poszukaj na necie
  4746 | D:8      | 4thArraOfDagon: to sie pojdzei
  4764 | D:8      | Thaneod: polowa problemów za tobą
  4778 | D:9      | Reached XP level 10. HP: 69/69 MP: 7/16
  4793 | D:9      | Found a staircase to the Orcish Mines.
  4932 | D:9      | Noticed a two-headed ogre
  4940 | D:9      | Killed a two-headed ogre
  4940 | D:9      | Reached skill level 3 in Invocations
  5122 | D:9      | Noticed Pikel
  5147 | D:9      | Killed Pikel
  5147 | D:9      | Reached skill level 5 in Armour
  5196 | D:9      | Noticed Psyche
  5226 | D:9      | Killed Psyche
  5226 | D:9      | Reached skill level 4 in Invocations
  5259 | D:9      | 4thArraOfDagon: no, i fajny tytul :)
  5284 | D:9      | Found a sacrificial altar of Ru.
  5336 | D:9      | Found a deep blue altar of Sif Muna.
  5377 | D:9      | Found a staircase to the Lair.
  5413 | D:9      | Noticed Erolcha
  5421 | D:9      | Killed Erolcha
  5421 | D:9      | Reached skill level 5 in Spellcasting
  5546 | D:9      | 4thArraOfDagon: dalej masz tego minotaura?
  5591 | D:10     | Entered Level 10 of the Dungeon
  5591 | D:10     | Found Wiahaeqi's Weapon Shop.
  5661 | D:10     | Thaneod: kurwa nie ma nic;/
  5724 | D:10     | Thaneod: http://www.ftb.pl/nocny-kochanek-mega-club-katowice_impreza_232124.htm
  5752 | D:10     | Thaneod: może na nocnego kochanka się wybiorę
  5821 | D:10     | Reached XP level 11. HP: 37/74 MP: 6/18
  5824 | D:10     | Thaneod: no mam, w weekend go wezmę w obroty
  5929 | D:10     | Reached skill level 5 in Invocations
  6010 | D:10     | 4thArraOfDagon: zdrajca metalu
  6107 | D:10     | Thaneod: hewimetal też jest fajny
  6248 | D:10     | Reached skill level 6 in Invocations
  6495 | D:11     | Thaneod: http://www.celebrator.pl/zloty.php?m=zlot&mp=szczeg&f_id=3018&f_typ=1&f_ind=5
  6505 | D:11     | Reached **** piety under Makhleb
  6506 | D:11     | Noticed a two-headed ogre
  6512 | D:11     | Thaneod: W Bytomiu też 14 jest
  6513 | D:11     | Killed a two-headed ogre
  6783 | D:11     | Learned a level 5 spell: Lightning Bolt
  6810 | D:11     | Noticed a two-headed ogre
  6886 | D:11     | Killed a two-headed ogre
  6933 | D:11     | Killed an unseen horror
  6933 | D:11     | Reached skill level 10 in Polearms
  7199 | D:12     | 4thArraOfDagon: dobra
  7199 | D:12     | 4thArraOfDagon: ide ogladac film bo Marek przyjechal :)
  7199 | D:12     | 4thArraOfDagon: to jeszcze pogadamy o tym zlocie
  7199 | D:12     | 4thArraOfDagon: nara
  7235 | D:12     | Noticed a cyclops
  7270 | D:12     | Killed a cyclops
  7287 | D:12     | Found a labyrinth entrance.
  7320 | D:12     | Reached skill level 7 in Invocations
  7328 | Lab      | Entered a labyrinth
  7441 | Lab      | Reached XP level 12. HP: 81/81 MP: 7/20
  7719 | Lab      | Reached ***** piety under Makhleb
  7863 | Lab      | Noticed a minotaur
  7901 | Lab      | Killed a minotaur
  7949 | Lab      | Learned a level 2 spell: Blink
  7953 | Lab      | Learned a level 3 spell: Lesser Beckoning
  8044 | D:12     | Found Udokadij's Quality Used Wands.
  8205 | D:12     | Reached skill level 10 in Air Magic
  8212 | D:12     | Reached skill level 8 in Invocations
  8810 | D:12     | You fall through a shaft for 2 floors!
  8874 | D:15     | Entered Level 15 of the Dungeon
  8899 | D:15     | Gained mutation: Your magical capacity is low. (-10% MP) [mutagenic meat]
  8900 | D:15     | Gained mutation: Your body sometimes deteriorates upon taking damage. [mutagenic meat]
  8901 | D:15     | Gained mutation: Your movements are slightly less encumbered by armour. (ER -2) [mutagenic meat]
  8902 | D:15     | Gained mutation: You are weak. (Str -2) [mutagenic meat]
  8915 | D:15     | Noticed a centaur warrior
  8937 | D:15     | Killed a centaur warrior
  9443 | D:14     | Found a snail-covered altar of Cheibriados.
  9572 | D:13     | Noticed a two-headed ogre
  9695 | D:12     | Reached XP level 13. HP: 86/86 MP: 9/20
  9927 | Orc:1    | Entered Level 1 of the Orcish Mines
 10057 | Orc:1    | Noticed Harold
 10074 | Orc:1    | Killed Harold
 10074 | Orc:1    | Reached skill level 9 in Invocations
 10352 | Orc:2    | Entered Level 2 of the Orcish Mines
 10360 | Orc:2    | Found a staircase to the Elven Halls.
 10672 | Orc:2    | Found Omics's Antique Weapon Emporium.
 10706 | Orc:2    | Found Cukaqext's Book Boutique.
 11678 | Orc:2    | Noticed an orc warlord
 11757 | Orc:1    | Killed an orc warlord
 13621 | Orc:2    | Found Wiwki's General Store.
 13635 | Orc:2    | Found Eviph's Distillery.
 13642 | Orc:2    | Found Ydwis Deq's Antique Armour Shop.
 13664 | Orc:2    | Bought a potion of might for 64 gold pieces
 13664 | Orc:2    | Bought a potion of might for 64 gold pieces
 13664 | Orc:2    | Bought a potion of heal wounds for 80 gold pieces
 13664 | Orc:2    | Bought a potion of curing for 48 gold pieces
 13664 | Orc:2    | Bought a potion of haste for 160 gold pieces
 13678 | Orc:2    | Learned a level 2 spell: Passwall
 13683 | Orc:2    | Learned a level 4 spell: Passage of Golubria
 13697 | Orc:2    | Bought a book of Transfigurations for 770 gold pieces
 13725 | Orc:2    | Reached skill level 10 in Invocations
 13750 | Orc:1    | Lost mutation: You are weak. (Str -2) [potion of mutation]
 13750 | Orc:1    | Gained mutation: You do not regenerate when monsters are visible. [potion of mutation]
 13750 | Orc:1    | Gained mutation: You have a pair of small horns on your head. [potion of mutation]
 13751 | Orc:1    | Lost mutation: Your magical capacity is low. (-10% MP) [potion of mutation]
 13751 | Orc:1    | Lost mutation: You have a pair of small horns on your head. [potion of mutation]
 13751 | Orc:1    | Lost mutation: You do not regenerate when monsters are visible. [potion of mutation]
 13751 | Orc:1    | Gained mutation: You have supernaturally acute eyesight. (SInv) [potion of mutation]
 13751 | Orc:1    | Gained mutation: You occasionally shout uncontrollably at your foes. [potion of mutation]
 13751 | Orc:1    | Gained mutation: Your movements are less encumbered by armour. (ER -4) [potion of mutation]
 13751 | Orc:1    | Gained mutation: Your flesh is heat resistant. (rF+) [potion of mutation]
 13752 | Orc:1    | Lost mutation: Your body sometimes deteriorates upon taking damage. [potion of mutation]
 13752 | Orc:1    | Lost mutation: You occasionally shout uncontrollably at your foes. [potion of mutation]
 13752 | Orc:1    | Gained mutation: You are resistant to hostile enchantments. (MR+) [potion of mutation]
 13752 | Orc:1    | Gained mutation: You are highly resistant to hostile enchantments. (MR++) [potion of mutation]
 13832 | Lair:1   | Entered Level 1 of the Lair of Beasts
 13846 | Lair:1   | Reached skill level 1 in Earth Magic
 13901 | Lair:1   | Reached skill level 1 in Transmutations
 13911 | Lair:1   | Noticed p0werm0de's ghost (novice VSWz)
 13916 | Lair:1   | Killed p0werm0de's ghost
 14519 | Lair:2   | Reached XP level 14. HP: 91/93 MP: 24/24
 14798 | Lair:3   | Got an encrusted leather armour
 14809 | Lair:3   | Identified the cursed +0 leather armour "Remyne" {Str+2} (You found it on level 3 of the Lair of Beasts)
 14934 | Lair:3   | Found a staircase to the Shoals.
 14969 | Lair:3   | Noticed Fannar
 14992 | Lair:3   | Killed Fannar
 15289 | Lair:4   | Found a hole to the Spider Nest.
 15301 | Lair:4   | Reached skill level 5 in Earth Magic
 15511 | Lair:4   | You fall through a shaft for 2 floors!
 15511 | Lair:6   | Entered Level 6 of the Lair of Beasts
 15998 | Lair:5   | Reached skill level 5 in Transmutations
 16179 | Lair:5   | Noticed an entropy weaver
 16208 | Lair:5   | Killed an entropy weaver
 17106 | Lair:6   | Reached XP level 15. HP: 99/99 MP: 27/27
 17270 | Lair:6   | Got a dazzling quarterstaff
 17498 | Lair:4   | Reached XP level 16. HP: 98/105 MP: 28/28
 17506 | Lair:4   | Learned a level 6 spell: Statue Form
 17731 | Lair:3   | Got a shimmering copper amulet
 17740 | Lair:3   | Identified the amulet of Nubbom {Faith *Drain +Fly rElec rN+} (You found it on level 3 of the Lair of Beasts)
 17933 | Orc:2    | Bought a potion of ambrosia for 128 gold pieces
 17933 | Orc:2    | Bought a potion of magic for 128 gold pieces
 17933 | Orc:2    | Bought a potion of agility for 64 gold pieces
 17933 | Orc:2    | Bought a potion of curing for 48 gold pieces
 17933 | Orc:2    | Bought a potion of mutation for 128 gold pieces
 17933 | Orc:2    | Bought a potion of ambrosia for 128 gold pieces
 17988 | Elf:1    | Entered Level 1 of the Elven Halls
 18445 | Elf:2    | Found a magical portal.
 18469 | WizLab   | Entered Zonguldrok's Shrine
 18653 | WizLab   | Found the +9 sword of Zonguldrok {reap}
 18886 | WizLab   | Noticed an ancient champion
 18930 | WizLab   | HP: 6/136 [two-headed ogre zombie (4)]
 18950 | WizLab   | Reached skill level 10 in Earth Magic
 19558 | Elf:3    | Entered Level 3 of the Elven Halls
 19710 | Elf:3    | Noticed an Executioner
 19727 | Elf:3    | Noticed a deep elf blademaster
 19744 | Elf:3    | Killed a deep elf blademaster
 19771 | Elf:3    | Reached XP level 17. HP: 111/111 MP: 30/30
 19776 | Elf:3    | Noticed a deep elf master archer
 19786 | Elf:3    | Killed a deep elf master archer
 19877 | Elf:3    | Reached skill level 1 in Fighting
 19952 | Elf:3    | Noticed a deep elf master archer
 19976 | Elf:3    | Killed a deep elf master archer
 19994 | Elf:3    | Noticed a deep elf blademaster
 20010 | Elf:3    | Killed a deep elf blademaster
 20010 | Elf:3    | Reached skill level 5 in Dodging
 20079 | Elf:3    | Found the +0 sword of Power
 20166 | Elf:3    | Got a warped brass ring
 20184 | Elf:3    | Identified the ring of Moral Flaws {SInv Stlth-} (You took it off a deep elf death mage on level 3 of the Elven Halls)
 20225 | Elf:3    | Got a pair of scorched gloves
 20251 | Elf:3    | Identified the +1 pair of gloves of the Undertaker {Regen+ Slay+5 Stlth-} (You found it on level 3 of the Elven Halls)
 20252 | Elf:3    | Got a bloodstained scale mail
 20267 | Elf:3    | Identified the Grimoire of Ignition
 20287 | Elf:3    | Identified the Almanac of Torrid Protection
 20331 | Elf:3    | Identified the +5 scale mail of Spite {Int+2} (You found it on level 3 of the Elven Halls)
 20425 | Elf:3    | Got a bound lead amulet
 20439 | Elf:3    | Learned a level 5 spell: Lee's Rapid Deconstruction
 20463 | Elf:3    | Identified the amulet "Wocif" {Reflect rC+ Dex+3 SH+4 Stlth+} (You took it off a deep elf annihilator on level 3 of the Elven Halls)
 20585 | Elf:3    | Noticed an Executioner
 20595 | Elf:3    | Noticed a Brimstone Fiend
 21332 | Elf:1    | Found Mutip's General Store.
 21335 | Elf:1    | Bought a scroll of teleportation for 48 gold pieces
 21481 | Elf:1    | Reached skill level 5 in Fighting
 21645 | Elf:2    | Found a huge runed gate.
 21645 | Elf:2    | Found a huge runed gate.
 21658 | Elf:2    | Found a huge runed gate.
 21920 | Elf:2    | Reached skill level 10 in Spellcasting
 22083 | Elf:2    | Reached skill level 15 in Polearms
 22083 | Elf:2    | Reached XP level 18. HP: 126/135 MP: 32/32
 22837 | D:13     | Found a gate to the Vaults.
 24065 | D:15     | Identified a scroll of acquirement
 24345 | Spider:1 | Entered Level 1 of the Spider Nest
 25031 | Spider:2 | Reached ****** piety under Makhleb
 25161 | Spider:2 | Learned a level 2 spell: Sublimation of Blood
 25189 | Spider:2 | Noticed Aizul
 25221 | Spider:2 | Killed Aizul
 25319 | Spider:2 | Noticed Azrael
 25346 | Spider:2 | Killed Azrael
 25738 | Spider:3 | Reached XP level 19. HP: 111/151 MP: 33/33
 25960 | Spider:3 | Noticed Arachne
 25981 | Spider:3 | Killed Arachne
 26217 | Spider:4 | Entered Level 4 of the Spider Nest
 26260 | Spider:4 | Mulzaro: Is that a normal hill orc tile?
 26300 | Spider:4 | Reached skill level 10 in Fighting
 26422 | Spider:4 | 4thArraOfDagon: naa
 26422 | Spider:4 | 4thArraOfDagon: this is
 26422 | Spider:4 | 4thArraOfDagon: Imperial myrmidon
 26422 | Spider:4 | Mulzaro: ah
 26422 | Spider:4 | 4thArraOfDagon: from desolation of salt
 26483 | Spider:4 | 4thArraOfDagon: I thought it looks cool :)
 26494 | Spider:4 | Mulzaro: Yeah it's neat
 26543 | Spider:4 | Mulzaro: Crawl tiles look so good in general after playing Caves of Qud
 26597 | Spider:4 | 4thArraOfDagon: oh, is that game even good?
 26628 | Spider:4 | Mulzaro: Yeah it's pretty great
 26633 | Spider:4 | Mulzaro: I havent gotten far yet
 26633 | Spider:4 | 4thArraOfDagon: does it contain any fabular plots or just hack&slash like here?
 26645 | Spider:4 | Mulzaro: It has an interesting lore
 26675 | Spider:4 | Mulzaro: a very bizarre one
 26693 | Spider:4 | Mulzaro: mix of fantasy, post apocalyptic
 26693 | Spider:4 | Mulzaro: and scifi
 26754 | Spider:4 | Reached skill level 1 in Axes
 26819 | Spider:4 | Mulzaro: There is a separate world map that is fixed, but the places themselves are randomly generated. There are also LOTS of Fallout 2 like random encounters.
 26844 | Spider:4 | 4thArraOfDagon: oh, interesting
 26844 | Spider:4 | 4thArraOfDagon: I might give a shot into this one
 26878 | Spider:4 | Mulzaro: It's good, though the UI is not as good as in Crawl. Actually no roguelike has better UI
 27070 | Spider:4 | 4thArraOfDagon: yea
 27070 | Spider:4 | 4thArraOfDagon: its really hard to find even comparable UI
 27083 | Spider:4 | Mulzaro: You can also decide if you play a mutated human or "true kin". Mutants have worse stats and starting equipment but the mutations make them strong. True kin can use cybernetics, have better stats and get more skillpoints.
 27098 | Spider:4 | Reached skill level 5 in Axes
 27176 | Spider:4 | Got a gossamer rune of Zot
 27402 | Shoals:1 | Entered Level 1 of the Shoals
 27416 | Shoals:1 | Noticed aspa's ghost (adept OpWz)
 27441 | Shoals:1 | Killed aspa's ghost
 27629 | Shoals:1 | Noticed Nikola
 27670 | Shoals:1 | Killed Nikola
 27744 | Shoals:1 | Mulzaro: The game also has a reputation system. You have a different reputation with every faction and species in the game. This produces some hilarious shit sometimes when you get attacked by something for example and suddenly all the birds in the area come and help you because they like you.
 27975 | Shoals:1 | 4thArraOfDagon: wow
 27975 | Shoals:1 | 4thArraOfDagon: that's neat concept
 27975 | Shoals:1 | 4thArraOfDagon: kind of extension of charisma
 27975 | Shoals:1 | Mulzaro: Yeah and there are even items that boost reputation with different stuff
 27975 | Shoals:1 | Mulzaro: I believe you can even find legendary leaders from each faction and species that are always sentient. They have stuff to sell often.
 27975 | Shoals:1 | 4thArraOfDagon: I can see it is on Steam platform. Do you know how much they want?
 27975 | Shoals:1 | Mulzaro: 10$
 27975 | Shoals:1 | Mulzaro: There is also a free version
 27975 | Shoals:1 | Mulzaro: but it's ancient
 27975 | Shoals:1 | 4thArraOfDagon: kind of much for rougelike but I'm guessing it pays off?
 27975 | Shoals:1 | Mulzaro: Well yeah. I suggest watching some basic character creation videos and stuff first so you get a basic idea about the game
 27975 | Shoals:1 | Mulzaro: the game is being updated every friday
 27975 | Shoals:1 | Mulzaro: Roguelikes are never really complete :D
 27975 | Shoals:1 | 4thArraOfDagon: haha yes
 27975 | Shoals:1 | 4thArraOfDagon: I will give a shot after this game
 27975 | Shoals:1 | 4thArraOfDagon: watch some gameplays/instructions
 28008 | Shoals:2 | Mulzaro: some default keybindings are pretty horrible but fortunately the game has easy rebinding
 28278 | Shoals:2 | Mulzaro: What roguelikes have you played?
 28301 | Shoals:2 | Mulzaro: Shit ton or mainly crawl?
 28365 | Shoals:2 | Reached XP level 20. HP: 166/166 MP: 34/34
 28567 | Shoals:3 | 4thArraOfDagon: I have started with Adom ages ago
 28567 | Shoals:3 | 4thArraOfDagon: and was highly anticipated for upcoming steam release. I got bit frustrated that after few years creator did not even complete half of his 'promises' from kickstartr campaign
 28567 | Shoals:3 | 4thArraOfDagon: so I have moved into Crawl, occasionally eating some minor steam roguelikes
 28567 | Shoals:3 | Mulzaro: That's too bad but It's still cool he started developing it again
 28567 | Shoals:3 | Mulzaro: I watched a video about the history of Adom recently
 28567 | Shoals:3 | 4thArraOfDagon: yea, it is quite a history
 28567 | Shoals:3 | Mulzaro: indeed
 28567 | Shoals:3 | 4thArraOfDagon: I understand that redesigning and developing game that was written in 90's/early 20's is hard
 28567 | Shoals:3 | 4thArraOfDagon: especially it has vast content
 28567 | Shoals:3 | Mulzaro: Yeah I understood about his speech that there are some really bad decisions in the code he has made in the past
 28567 | Shoals:3 | Mulzaro: which is not a miracle
 28567 | Shoals:3 | 4thArraOfDagon: haha right
 28568 | Shoals:3 | Mulzaro: Also Markus Persson (The original dev of Minecraft) donated 50k euros to him
 28569 | Shoals:3 | 4thArraOfDagon: oh I did not know! I suspect it is about admiration of his work and inspiration Adom gave to cr8 minecraft
 28569 | Shoals:3 | Mulzaro: Yes, Persson has funded other games too
 28569 | Shoals:3 | Mulzaro: like Age of Wonders 3
 28784 | Shoals:3 | Noticed Kirke
 28785 | Shoals:3 | Found a frozen archway.
 28792 | Shoals:3 | Killed Kirke
 28800 | IceCv    | Entered an ice cave
 28817 | IceCv    | Reached skill level 10 in Dodging
 29129 | Shoals:3 | Mulzaro: Caves of Qud has the option to use fixed seeds too btw. Creates interesting aspects for contests and stuff. It has weekly and daily builds with fixed seeds too
 29185 | Shoals:3 | Mulzaro: Though I have no idea if they have any kind of leaderboard for those
 29249 | Shoals:3 | Noticed Polyphemus
 29273 | Shoals:3 | Killed Polyphemus
 29294 | Shoals:3 | Mulzaro: btw what is this shit recently about DEX
 29324 | Shoals:3 | Mulzaro: there is a thread in Tavern about removing dex
 29336 | Shoals:3 | Mulzaro: because it's apparently useless
 29409 | Shoals:3 | Mulzaro: last time I played this game alot dex was the default attribute to raise
 29625 | Shoals:3 | Mulzaro: if not casting spells that much anyway
 29639 | Shoals:3 | 4thArraOfDagon: I think it is because
 29639 | Shoals:3 | Upgraded the game from 0.21-a0-286-g6fcecc0 to 0.21-a0-297-ga3d34c2
 29660 | Shoals:4 | Entered Level 4 of the Shoals
 29973 | Shoals:4 | Reached skill level 1 in Unarmed Combat
 30025 | Shoals:4 | Got a barnacled rune of Zot
 30120 | Shoals:4 | Noticed Ilsuiw
 30147 | Shoals:4 | Killed Ilsuiw
 30147 | Shoals:4 | Reached skill level 1 in Long Blades
 30167 | Shoals:4 | Reached skill level 1 in Staves
 30207 | Shoals:4 | Reached skill level 1 in Evocations
 30224 | Shoals:4 | Reached skill level 1 in Charms
 30298 | Shoals:4 | Reached skill level 1 in Necromancy
 30317 | Shoals:4 | Reached skill level 1 in Throwing
 30614 | Shoals:4 | Reached skill level 1 in Translocations
 31105 | Lair:6   | Found a staircase to the Slime Pits.
 31213 | Slime:1  | Entered Level 1 of the Pits of Slime
 31305 | Slime:2  | Reached XP level 21. HP: 177/177 MP: 35/35
 31518 | Slime:1  | Gained mutation: You possess an exceptional clarity of mind. [a shining eye]
 31718 | Slime:2  | Reached skill level 11 in Invocations
 31941 | Slime:5  | Entered Level 5 of the Pits of Slime
 32253 | Slime:5  | Reached skill level 12 in Invocations
 32604 | Slime:5  | Noticed the Royal Jelly
 32706 | Slime:5  | Found a viscous altar of Jiyva.
 32709 | Slime:5  | Found the +3 hat of Pondering {ponderous, MR+ MP+10 Int+5}
 32754 | Slime:5  | Killed the Royal Jelly
 32984 | Slime:5  | Got a translucent scale mail
 32986 | Slime:5  | Got a slimy rune of Zot
 32988 | Slime:5  | Identified the cursed +1 scale mail of Mumblety Peg {*Contam +Inv rCorr Int+3} (You found it on level 5 of the Pits of Slime)
 33046 | Slime:5  | Got a crude platinum ring
 33053 | Slime:5  | Identified the ring of Ethics {rPois rF+} (You found it on level 5 of the Pits of Slime)
 33057 | Slime:5  | Got polished steam dragon scales
 33076 | Slime:5  | Identified Sif Muna's Catalogue of the Glacier
 33088 | Slime:5  | Got a transparent long sword
 33089 | Slime:5  | Identified the +0 long sword "Ejocownyv" {speed, Int+5} (You found it on level 5 of the Pits of Slime)
 33113 | Slime:5  | Identified the +2 steam dragon scales "Izipemej" {+Inv MP+9} (You found it on level 5 of the Pits of Slime)
 33496 | Vaults:1 | Entered Level 1 of the Vaults
 33734 | Vaults:1 | Reached skill level 13 in Invocations
 33912 | Vaults:1 | Reached XP level 22. HP: 190/190 MP: 36/36
 33965 | Vaults:1 | Noticed Asterion
 33991 | Vaults:1 | Killed Asterion
 34156 | Vaults:2 | Found Ceryih's Jewellery Emporium.
 34231 | Vaults:2 | Noticed Boris
 34248 | Vaults:2 | Killed Boris
 34684 | Vaults:2 | Noticed Frederick
 34718 | Vaults:2 | Killed Frederick
 34718 | Vaults:2 | Reached skill level 14 in Invocations
 35089 | Vaults:3 | Found a staircase to the Crypt.
 35421 | Vaults:3 | Reached skill level 15 in Fighting
 35748 | Vaults:4 | Reached skill level 15 in Invocations
 36116 | Vaults:4 | Identified the +0 pair of gloves of Generosity {+Inv +Fly MP+9} (You acquired it on level 4 of the Vaults)
 36204 | Vaults:4 | Reached XP level 23. HP: 199/199 MP: 37/37
 36679 | Vaults:4 | Reached skill level 16 in Invocations
 36802 | Vaults:5 | Entered Level 5 of the Vaults
 36864 | Vaults:5 | Noticed an ancient lich
 36874 | Vaults:5 | Reached skill level 10 in Axes
 36883 | Vaults:5 | Noticed a golden dragon
 36893 | Vaults:5 | Killed an ancient lich
 36901 | Vaults:5 | Killed a golden dragon
 36910 | Vaults:5 | Reached skill level 17 in Invocations
 37045 | Vaults:5 | Got an uncursed faintly glowing mace {drain}
 37104 | Vaults:5 | Reached skill level 1 in Maces & Flails
 37136 | Vaults:5 | Reached XP level 24. HP: 210/210 MP: 38/38
 37336 | Vaults:5 | Got a silver rune of Zot
 37489 | Vaults:5 | Found Rauxif's Antique Armour Shoppe.
 37495 | Vaults:5 | Bought a glowing scarf for 280 gold pieces
 37564 | Vaults:5 | Reached skill level 18 in Invocations
 37684 | Vaults:5 | Identified the ring "Beman" {rElec rPois MR+ Int+3 Stlth+} (You took it off a vault sentinel on level 5 of the Vaults)
 37744 | Vaults:5 | Got a crude scale mail
 37787 | Vaults:5 | Identified the cursed +1 chain mail of the Lotus Blossom {rElec Dex-3 Slay+5} (You took it off a vault warden on level 5 of the Vaults)
 38361 | D:15     | Found a staircase to the Depths.
 38380 | Depths:1 | Entered Level 1 of the Depths
 38434 | Depths:1 | Got a diamond-encrusted scale mail
 38492 | Depths:1 | Identified the +9 mace "Killer Klown's Foe" {drain, rElec MR+} (You took it off a deep elf archer on level 5 of the Vaults)
 38587 | Depths:1 | Noticed Jorgrun
 38602 | Depths:1 | Killed Jorgrun
 38612 | Depths:1 | Reached skill level 5 in Maces & Flails
 38794 | Depths:2 | Found a gateway to Hell.
 39074 | Depths:1 | Reached skill level 19 in Invocations
 39124 | Depths:2 | Reached XP level 25. HP: 220/220 MP: 38/38
 39146 | Depths:2 | Found a sparkling altar of Nemelex Xobeh.
 39161 | Depths:2 | Identified the cursed +1 scale mail of Happiness {rF+ SInv} (You found it on level 5 of the Vaults)
 39342 | Depths:2 | Identified the +2 scale mail of a labyrinth {+Fly MP+9} (You found it on level 1 of the Depths)
 39754 | Depths:3 | Found Loclekh's Assorted Antiques.
 39843 | Depths:3 | Bought 2 potions of curing for 210 gold pieces
 39843 | Depths:3 | Bought a scroll of blinking for 262 gold pieces
 39843 | Depths:3 | Bought a scroll of magic mapping for 122 gold pieces
 39843 | Depths:3 | Bought a potion of agility for 140 gold pieces
 39843 | Depths:3 | Bought a potion of might for 140 gold pieces
 39869 | Depths:3 | Reached skill level 15 in Axes
 40148 | Depths:3 | Reached skill level 20 in Invocations
 40187 | Depths:3 | Noticed an ancient lich
 40198 | Depths:3 | Killed an ancient lich
 40282 | Depths:3 | Got a faintly glowing scale mail
 40284 | Depths:3 | Got an ebony glaive {vamp}
 40344 | Depths:3 | Reached skill level 21 in Invocations
 40487 | Depths:3 | Noticed an ancient lich
 40507 | Depths:3 | Killed an ancient lich
 40541 | Depths:4 | Reached XP level 26. HP: 228/228 MP: 39/39
 40573 | Depths:4 | Reached skill level 22 in Invocations
 40991 | Depths:4 | Reached skill level 23 in Invocations
 40991 | Depths:4 | Reached XP level 27. HP: 236/236 MP: 39/39
 41002 | Depths:4 | Found a one-way gate to the infinite horrors of the Abyss.
 41039 | Depths:4 | Identified the +7 glaive of Cowardice {vamp, rC+ SInv} (You took it off a deep elf high priest on level 3 of the Depths)
 41092 | Depths:4 | Noticed an ancient lich
 41119 | Depths:4 | Killed an ancient lich
 41342 | Depths:5 | Entered Level 5 of the Depths
 41365 | Depths:5 | Identified the +2 scale mail "Narremew" {MR+ Int+4} (You took it off a deep elf high priest on level 3 of the Depths)
 41386 | Depths:5 | Got a coiled jade ring
 41389 | Depths:5 | Identified the ring of the Moon {rC+ Dex+4} (You found it on level 5 of the Depths)
 41431 | Depths:5 | Reached skill level 24 in Invocations
 41462 | Depths:5 | HP: 7/460 [caustic shrike (29)]
 41463 | Depths:5 | Mangled by a caustic shrike

Vault maps used:
D:1:      dpeg_arrival_more_subterranean_lakeside_camping,
          corexii_item_surrounded_by_moat
D:2:      overflow_temple_1_default, grunt_temple_overflow_open,
          minmay_octomino_e4
D:3:      first_bread, uniq_ijyb
D:4:      tso_oasis_becter, grunt_gozag_breadcrumbs, uniq_eustachio, uniq_robin
D:5:      kennysheep_slugbush, slow_altar_1, elyvilon_altar_5, basic_altar,
          uniq_edmund
D:6:      nicolae_qazlal_eye_of_the_storm, minmay_temple_entry_statues_pillars,
          serial_shops, shop
D:7:      basic_altar
D:8:      enter_ossuary_5
D:9:      nicolae_overflow_crystal_walls, nicolae_ru_great_annihilating_truth,
          grunt_lair_entry_orc_guard_hut, item_on_display_a, uniq_pikel,
          uniq_erolcha, uniq_psyche
D:10:     serial_shops, shop, hangedman_stone_soup, minivault_4
D:12:     lab_entry_generic, nicolae_for_you_no_charge
D:13:     david_vaults_5
D:14:     spider_trap, kennysheep_donut, cheibriados_altar_1
D:15:     grunt_enter_depths_snipers, serial_park_square1,
          minmay_misc_feat_ornament
Lair:1:   small_statue_intersection, dpeg_stationary_puzzle,
          minmay_lair_oklob_chamber, lemuel_fruit_fields
Lair:2:   hibernation_bobbens
Lair:3:   wad_woods_04, shoals_dummy_entry, uniq_fannar
Lair:4:   cheibrodos_magma_flow, dummy_spider_entry
Lair:5:   st_stairs_6, zaba_antful_of_joy
Lair:6:   hangedman_lair_in_review, minmay_slime_entry_oklob_enclosed
Shoals:1: uniq_nikola
Shoals:2: nicolae_shoals_circle_sea_wall
Shoals:3: portal_ice_cave_entry_pillars_three, nicolae_shoals_wave_tunnel,
          uniq_kirke, uniq_polyphemus
Shoals:4: shoals_end_grunt_ice, shoals_ilsuiw_alternative
Spider:2: uniq_azrael, uniq_aizul
Spider:3: uniq_arachne
Spider:4: spider_rune_water
Slime:4:  nicolae_slime_phagocytosis
Orc:1:    nooodl_orcs_dogs, uniq_harold
Orc:2:    grunt_orc_gardens, grunt_orc_garden, grunt_orc_garden,
          grunt_orc_garden, grunt_orc_garden, serial_shops, shop
Elf:1:    eino_elf_arrival_shootout, serial_shops, nicolae_shop_behind_doors,
          serial_glass, glass_columns_c, glass_columns_b,
          hangedman_elf_disciples
Elf:2:    mu_enter_wizlab_5, grunt_ministairs_11
Elf:3:    grunt_elf_hall_spiral
Vaults:1: v_misc_11, st_lines, nicolae_vaults_stairing_the_circle,
          ontoclasm_vaults_eye, ontoclasm_vaults_fault, v_pattern_4,
          dpeg_vaults_monster_box, vaults_room_hallway, hangedman_vaults_impose,
          v_misc_9, grunt_vaults_hallway_short, uniq_asterion
Vaults:2: nicolae_vaults_network_quincunx, vaults_standard_mumra_x,
          vaults_room_fours, serial_shops, nicolae_shop_behind_doors,
          uniq_boris, uniq_frederick
Vaults:3: minmay_crypt_entry_simple_box, nicolae_vaults_puzzle_piece,
          v_alt_pattern_5, hangedman_vaults_unwind,
          nicolae_vaults_three_branches, vaults_standard_mumra_lines,
          grunt_vaults_bifocal, ontoclasm_vaults_twist, ontoclasm_vaults_tryst,
          nicolae_vaults_network_barrier, vaults_room_large_hall,
          vaults_dpeg_diagonal, stair_cage_open, vaults_mumra_chevron_long
Vaults:4: v_misc_22, v_misc_29, nicolae_vaults_twisting_passages,
          ontoclasm_vaults_ligature, nicolae_vaults_back_hallway,
          ontoclasm_vaults_chip, v_misc_24, v_rooms_3,
          vaults_mumra_minichess_inversion, v_misc_3, serial_ice_h,
          vaults_dpeg_ring, grunt_vaults_hallway_short
Vaults:5: serial_shops
Depths:1: hangedman_abyss_or_decor_slice, hellmouth_1, lemuel_old_faithful,
          uniq_jorgrun
Depths:2: minmay_three_patterns, pf_hell_entry_tar_river,
          hangedman_decor_points, nemelex_xobeh_ov_fountains_minmay
Depths:3: minmay_nine_rooms, rand_demon_pan_entry_4, pf_coc_iceberg,
          serial_shops, shop, special_room, chequers_big_river
Depths:4: lemuel_river_lethe, abyss_entry, hell_entry
Depths:5: grunt_zot_entry_gee_three, enter_ziggurat_e, hell_entry,
          old_standard_altar, serial_bayou_shore_b
Lab:      labyrinth_mini_lab, labyrinth_skeletal_remains, nicolae_lab_garden,
          nicolae_lab_hexagon, lab_fountain, lab_statue, nicolae_lab_swirl,
          lab_block, nicolae_lab_starburst, nicolae_lab_x, labyrinth_glass_1
Ossuary:  ossuary_tomb_3
IceCv:    ice_cave_small_demon
WizLab:   wizlab_zonguldrok

Skill      XL: |  1  2  3  4  5  6  7  8  9 10 11 12 13 14 15 16 17 18 19 20 21 22 23 24 25 26 27 |
---------------+----------------------------------------------------------------------------------+-----
Conjurations   | 2 |  2.3
Air Magic      | 3 4 5 6 7 8 9 10 11 | 11.3
Spellcasting   | 2 3 4 5 6 7 8 9 10 11 12 | 12.2
Polearms       | 1 3 5 7 8 10 12 13 15 17 18 19 20 | 20.4
Armour         | 2 3 4 5 6 8 |  8.7
Shields        | 2 3 4 |  4.3
Invocations    | 2 4 7 8 10 13 15 17 19 21 23 24 | 24.0
Earth Magic    | 3 7 8 10 11 | 11.5
Transmutations | 2 5 6 8 |  8.9
Dodging        | 2 4 6 8 9 10 11 12 13 | 13.6
Fighting       | 6 9 11 12 14 15 16 17 | 17.3
Axes           | 7 11 13 15 | 15.3
Unarmed Combat | 1 |  1.4
Long Blades    | 2 |  2.2
Staves         | 2 |  2.0
Evocations     | 1 |  1.5
Charms         | 1 |  1.5
Stealth        | 2 |  2.1
Necromancy     | 1 |  1.3
Throwing       | 1 |  1.1
Translocations | 1 |  1.0
Maces & Flails | 2 5 6 |  6.9

Action                   |  1- 3 |  4- 6 |  7- 9 | 10-12 | 13-15 | 16-18 | 19-21 | 22-24 | 25-27 || total
-------------------------+-------+-------+-------+-------+-------+-------+-------+-------+-------++-------
Melee: Club              |    18 |       |       |       |       |       |       |       |       ||    18
       Whip              |    46 |    49 |       |       |       |       |       |       |       ||    95
       Spear             |     6 |       |       |       |       |       |       |       |       ||     6
       Trident           |       |     8 |   291 |   471 |  1062 |  1706 |   312 |       |       ||  3850
       Broad axe         |       |       |       |       |       |       |  1274 |  1645 |   833 ||  3752
       Demon trident     |       |       |       |       |       |       |   916 |     8 |       ||   924
Throw: Throwing net      |       |       |       |     1 |     3 |       |       |       |       ||     4
 Cast: Shock             |    32 |    86 |    44 |     1 |       |       |       |       |       ||   163
       Airstrike         |       |     1 |    31 |   188 |   165 |    53 |    50 |     3 |     5 ||   496
       Statue Form       |       |       |       |       |       |    73 |    34 |    35 |    22 ||   164
       Passage of Golubr |       |       |       |       |       |     2 |     2 |       |     3 ||     7
Invok: Lesser Servant of |       |       |       |     9 |    37 |    10 |    28 |     3 |       ||    87
       Major Destruction |       |       |       |       |     1 |       |       |       |       ||     1
       Greater Servant o |       |       |       |       |       |       |     2 |     1 |       ||     3
 Abil: End Transformatio |       |       |       |       |       |    35 |     9 |       |       ||    44
Evoke: Wand              |       |       |       |    15 |     8 |    13 |     5 |     2 |     4 ||    47
       Phantom mirror    |       |       |       |       |       |       |     1 |       |       ||     1
  Use: Scroll            |     1 |     6 |     5 |     7 |    17 |    17 |    19 |    16 |     8 ||    96
       Potion            |       |       |       |     2 |     7 |    10 |     5 |       |     2 ||    26
 Stab: Sleeping          |       |       |       |     5 |     1 |    11 |     2 |     3 |     2 ||    24
       Confused          |       |       |       |     1 |     1 |       |       |       |       ||     2
       Held in net/web   |       |       |       |       |     3 |       |       |       |       ||     3
       Distracted        |       |       |       |       |     5 |     7 |     6 |     4 |     3 ||    25
       Invisible         |       |       |       |       |       |       |     8 |       |       ||     8
       Petrified         |       |       |       |       |       |       |    18 |       |       ||    18
       Petrifying        |       |       |       |       |       |       |     1 |       |       ||     1
  Eat: Chunk             |     2 |     1 |    12 |    24 |    12 |    14 |    19 |    15 |    12 ||   111
       Fruit             |       |     7 |       |    14 |    14 |     8 |     3 |     5 |       ||    51
       Royal jelly       |       |       |     2 |     5 |     1 |     8 |     2 |     1 |     2 ||    21
       Bread ration      |       |       |       |     2 |     3 |     5 |       |     2 |       ||    12
       Meat ration       |       |       |       |     2 |       |     2 |     6 |       |       ||    10
Armor: Robe              |     4 |       |       |    65 |    40 |    14 |       |       |       ||   123
       Ring mail         |    34 |    33 |    68 |     7 |       |       |       |       |       ||   142
       Plate armour      |       |       |       |       |   254 |     2 |       |       |       ||   256
       Skin              |       |       |       |       |     2 |   557 |   669 |   687 |   533 ||  2448
       Scale mail        |       |       |       |       |       |   112 |   476 |   147 |    28 ||   763
Dodge: Dodged            |    64 |    39 |   115 |   137 |   216 |   831 |  2127 |  1547 |   908 ||  5984
       Deflected         |       |       |       |       |       |       |       |    11 |    22 ||    33
Block: Buckler           |     1 |    20 |    58 |    98 |   178 |   633 |  1579 |  1210 |   664 ||  4441
       Reflection        |       |       |       |       |       |    31 |    59 |    50 |     9 ||   149

Table legend:
 A = Spawn XP
 B = Non-spawn XP
 C = Spawn XP percentage of total XP
 D = Spawn monster count
 E = Non-spawn monster count
 F = Spawn count percentage of total count
 G = Total turns spent on level
                    A         B        C        D         E        F      G
               +---------+---------+-------+---------+---------+-------+---------
         Total |       0 | 1121105 |   0.0 |       0 |    2173 |   0.0 | 41463
               +---------+---------+-------+---------+---------+-------+---------
           D:1 |       0 |      61 |   0.0 |       0 |      26 |   0.0 |   904
           D:2 |       0 |      83 |   0.0 |       0 |      10 |   0.0 |   446
           D:3 |       0 |     125 |   0.0 |       0 |      16 |   0.0 |   542
           D:4 |       0 |     786 |   0.0 |       0 |      24 |   0.0 |   933
           D:5 |       0 |     579 |   0.0 |       0 |      30 |   0.0 |   444
           D:6 |       0 |     840 |   0.0 |       0 |      18 |   0.0 |   495
           D:7 |       0 |     755 |   0.0 |       0 |      13 |   0.0 |   438
           D:8 |       0 |    1127 |   0.0 |       0 |      25 |   0.0 |   367
           D:9 |       0 |    5104 |   0.0 |       0 |      22 |   0.0 |  1946
          D:10 |       0 |    3226 |   0.0 |       0 |      28 |   0.0 |   916
          D:11 |       0 |    4859 |   0.0 |       0 |      34 |   0.0 |   965
          D:12 |       0 |    7441 |   0.0 |       0 |      41 |   0.0 |  1185
          D:13 |       0 |   13934 |   0.0 |       0 |      40 |   0.0 |   809
          D:14 |       0 |    7972 |   0.0 |       0 |      27 |   0.0 |   695
          D:15 |       0 |   22919 |   0.0 |       0 |      50 |   0.0 |  1279
        Lair:1 |       0 |    5732 |   0.0 |       0 |      26 |   0.0 |   625
        Lair:2 |       0 |    5928 |   0.0 |       0 |      27 |   0.0 |   562
        Lair:3 |       0 |    3792 |   0.0 |       0 |      14 |   0.0 |   654
        Lair:4 |       0 |    4561 |   0.0 |       0 |      16 |   0.0 |   891
        Lair:5 |       0 |   12055 |   0.0 |       0 |      58 |   0.0 |   739
        Lair:6 |       0 |   17336 |   0.0 |       0 |      44 |   0.0 |  1222
      Shoals:1 |       0 |   20192 |   0.0 |       0 |      26 |   0.0 |   587
      Shoals:2 |       0 |   15308 |   0.0 |       0 |      31 |   0.0 |   612
      Shoals:3 |       0 |   34685 |   0.0 |       0 |      64 |   0.0 |   938
      Shoals:4 |       0 |   37294 |   0.0 |       0 |      62 |   0.0 |  1001
      Spider:1 |       0 |    8199 |   0.0 |       0 |      25 |   0.0 |   476
      Spider:2 |       0 |   18225 |   0.0 |       0 |      45 |   0.0 |   762
      Spider:3 |       0 |   21099 |   0.0 |       0 |      61 |   0.0 |   688
      Spider:4 |       0 |   39157 |   0.0 |       0 |      93 |   0.0 |  1055
       Slime:1 |       0 |   13197 |   0.0 |       0 |      32 |   0.0 |   292
       Slime:2 |       0 |   18660 |   0.0 |       0 |      36 |   0.0 |   293
       Slime:3 |       0 |    6517 |   0.0 |       0 |      16 |   0.0 |   110
       Slime:4 |       0 |   10825 |   0.0 |       0 |      22 |   0.0 |   480
       Slime:5 |       0 |   36039 |   0.0 |       0 |      34 |   0.0 |   809
         Orc:1 |       0 |    5952 |   0.0 |       0 |      43 |   0.0 |  1746
         Orc:2 |       0 |    8591 |   0.0 |       0 |      46 |   0.0 |  1364
         Elf:1 |       0 |   15779 |   0.0 |       0 |      23 |   0.0 |   659
         Elf:2 |       0 |   35254 |   0.0 |       0 |      56 |   0.0 |  1246
         Elf:3 |       0 |   51963 |   0.0 |       0 |      51 |   0.0 |  1375
      Vaults:1 |       0 |   38883 |   0.0 |       0 |      66 |   0.0 |   717
      Vaults:2 |       0 |   18414 |   0.0 |       0 |      24 |   0.0 |   722
      Vaults:3 |       0 |   41476 |   0.0 |       0 |      82 |   0.0 |   846
      Vaults:4 |       0 |   63329 |   0.0 |       0 |      83 |   0.0 |  1104
      Vaults:5 |       0 |  171439 |   0.0 |       0 |     162 |   0.0 |  1204
      Depths:1 |       0 |   23302 |   0.0 |       0 |      26 |   0.0 |   448
      Depths:2 |       0 |   48989 |   0.0 |       0 |      57 |   0.0 |   806
      Depths:3 |       0 |  111774 |   0.0 |       0 |     108 |   0.0 |   893
      Depths:4 |       0 |   61531 |   0.0 |       0 |     107 |   0.0 |   815
      Depths:5 |       0 |    5486 |   0.0 |       0 |       5 |   0.0 |   121
           Lab |       0 |    3273 |   0.0 |       0 |      15 |   0.0 |   628
       Ossuary |       0 |     154 |   0.0 |       0 |      16 |   0.0 |   206
         IceCv |       0 |    6565 |   0.0 |       0 |      30 |   0.0 |   328
        WizLab |       0 |   10339 |   0.0 |       0 |      37 |   0.0 |  1075
               +---------+---------+-------+---------+---------+-------+---------
